 Dungeon Crawl Stone Soup version 0.28.0 (webtiles) character file.

Game seed: 5092572676506052613

11 DemonSlayer the Magician (level 2, -1/15 HPs)
             Began as a Deep Elf Hedge Wizard on Feb 7, 2022.
             Slain by an adder (3 damage)
             ... on level 2 of the Dungeon.
             The game lasted 00:01:18 (781 turns).

DemonSlayer the Magician (Deep Elf Hedge Wizard)     Turns: 781, Time: 00:01:19

Health: -1/15      AC:  2    Str:  7    XL:     2   Next: 17%
Magic:  10/10      EV: 12    Int: 18    God:
Gold:   12         SH:  0    Dex: 14    Spells: 10/11 levels left

rFire   . . .      SeeInvis .   a - +0 dagger
rCold   . . .      Faith    .   (no shield)
rNeg    . . .      Spirit   .   b - +0 robe
rPois   .          Reflect  .   c - +0 hat
rElec   .          Harm     .   (no cloak)
rCorr   .          Rampage  .   (no gloves)
Will    .....                   (no boots)
Stlth   ++........              e - amulet of magic regeneration
HPRegen 0.05/turn               (no ring)
MPRegen 0.52/turn               (no ring)

@: no status effects
A: no striking features
a: no special abilities


You were on level 2 of the Dungeon.
You visited 1 branch of the dungeon, and saw 2 of its levels.

You collected 12 gold pieces.

Inventory:

Hand Weapons
 a - a +0 dagger (weapon)
Armour
 b - a +0 robe (worn)
 c - a +0 hat (worn)
Jewellery
 e - an amulet of magic regeneration (around neck)
Potions
 d - a potion of magic {unknown}


   Skills:
 + Level 2.6 Dodging
 + Level 2.4 Stealth
 + Level 5.1 Spellcasting
 + Level 1.1 Conjurations
 + Level 1.1 Summonings
 + Level 1.1 Translocations


You had 10 spell levels left.
You knew the following spells:

 Your Spells              Type           Power      Damage    Failure   Level
a - Magic Dart            Conj           32%        1d4       9%          1

Your spell library contained the following spells:

 Spells                   Type           Power      Damage    Failure   Level
 Slow                     Hex            16%        N/A       13%         1
 Blink                    Tloc           16%        N/A       13%         2
 Call Imp                 Summ           8%         N/A       13%         2
 Conjure Flame            Conj/Fire      6%         6-21      30%         3
 Mephitic Cloud           Conj/Pois/Air  5%         N/A       34%         3


Dungeon Overview and Level Annotations

Branches:
Dungeon (1/15)

Altars:


Message History

The kobold throws a stone.
The stone closely misses you.
The magic dart hits the kobold.
You kill the kobold!
You can't see any susceptible monsters within range! (Use Z to cast anyway.)
You can't see any susceptible monsters within range! (Use Z to cast anyway.)
You can't see any susceptible monsters within range! (Use Z to cast anyway.)
You can't see any susceptible monsters within range! (Use Z to cast anyway.)
You can't see any susceptible monsters within range! (Use Z to cast anyway.)
You start putting on your amulet.
You continue putting on your amulet of magic regeneration. x5
You finish putting on your amulet of magic regeneration.
The amulet cannot attune itself to your exhausted body.
e - an amulet of magic regeneration (around neck) Setting a skill training target for Short Blades at 10.0.
Your amulet attunes itself to your body and you begin to regenerate magic more quickly.
A sourceless malevolence fills the Dungeon...
You fall into a shaft and drop 1 floor!
The shaft crumbles and collapses. 4 gnolls come into view.
A gnoll is wielding a +0 spear of venom.
A gnoll is wielding a +2 whip of venom.
The gnoll shouts! x3
Found 2 scrolls labelled QOID SOUNANOSCH.
Found 8 gold pieces.
A frilled lizard comes into view.
The frilled lizard hisses angrily.
A worm comes into view.
An adder and an endoplasm come into view.
Found a stone staircase leading down.
Found 22 stones.
The gnoll hits you with a +2 whip of venom!
You are poisoned.
You feel sick.
You feel sick.
You feel sick.
Found a robe.
You feel sick.
There is a stone staircase leading down here.
You feel sick.
You are no longer poisoned.
The adder bites you.
You die...

##.##.. .# #..... ###.#
[########.#..# #... ###
....(.......J####l# ....
...........g.l##..#.....
#..........#............
#........l.##....##.....
#......Sg..####g.# .....
##.#..@.....g...# ....
#.........##.# ....
#.....$...##g## ...
#########.##.g##.###
.###....# ##...g#...
....#..g. . #.######..g.
.. ..?g


You could see 3 gnolls, an adder, an endoplasm and a frilled lizard.

Vanquished Creatures
  A bat (D:1)
  2 giant cockroaches (D:1)
  2 goblins (D:1)
  A hobgoblin (D:1)
  2 ball pythons (D:1)
  2 kobolds (D:1)
  A rat (D:1)
11 creatures vanquished.

Notes
Turn   | Place    | Note
-------+----------+-------------------------------------------
     0 | D:1      | DemonSlayer the Deep Elf Hedge Wizard began the quest for
                  | the Orb.
     0 | D:1      | Reached XP level 1. HP: 10/10 MP: 7/7
   527 | D:1      | Reached skill level 5 in Spellcasting
   622 | D:1      | Reached XP level 2. HP: 15/15 MP: 5/10
   762 | D:1      | You fall into a shaft and drop 1 floor!
   781 | D:2      | Slain by an adder

Illustrated notes

Levels and vault maps discovered:
D:1:      psy_arrival_radial02, layout_basic,
          shapermc_ecumenical_altar_mp_highgroup
D:2:      layout_rooms

Skill      XL: |  1 |
---------------+----+-----
Spellcasting   | 5 |  5.1
Dodging        | |  2.6
Stealth        | |  2.4
Conjurations   | |  1.1
Summonings     | |  1.1
Translocations | |  1.1

Action                   || total
-------------------------++-------
Melee: Dagger            ||     8
 Cast: Magic Dart        ||    32
Armor: Robe              ||     1
Dodge: Dodged            ||     9
